 Dungeon Crawl Stone Soup version 0.20.1-1-g8b1a95d (webtiles) character file.

355856 Monsterracer the Brawler (level 21, -2/303 HPs)
             Began as a Pale Draconian Transmuter on Sept 14, 2017.
             Was the Champion of Makhleb.
             Slain by an azure jelly (11 damage)
             ... on level 5 of the Pits of Slime.
             The game lasted 01:50:42 (48566 turns).

Monsterracer the Brawler (DrTm)                    Turns: 48566, Time: 01:50:43

Health: -2/303     AC:  9    Str: 34    XL:     21   Next: 38%
Magic:  28/36      EV: 18    Int: 20    God:    Makhleb [******]
Gold:   3214       SH:  2    Dex: 18    Spells: 8/42 levels left

rFire    . . .     SeeInvis .     - Unarmed
rCold    + . .     Gourm    .   (shield currently unavailable)
rNeg     + . .     Faith    .   (armour unavailable)
rPois    +         Spirit   .   (helmet currently unavailable)
rElec    .         Reflect  +   (cloak currently unavailable)
rCorr    +         Harm     .   (gloves currently unavailable)
MR       ++...                  (boots currently unavailable)
Stlth    +++++.....             A - amulet "Fiw Woil" {Reflect Fragile rN+ MR+ Int+2 SH+2}
Regen    0.6/turn               O - ring of resist corrosion
MPRegen  0.3/turn               r - ring of protection from cold

@: mighty, agile, dragon-form, corroded, flying
A: breathe steam, unfitting armour, blurry vision 1, robust 1, strong 1, AC +11
}: 2/15 runes: decaying, serpentine
a: Breathe Steam, End Transformation, Minor Destruction, Lesser Servant of
Makhleb, Major Destruction, Greater Servant of Makhleb, Renounce Religion


You were on level 5 of the Pits of Slime.
You worshipped Makhleb.
Makhleb was exalted by your worship.
You were not hungry.
You were a fearsome dragon!
You visited 8 branches of the dungeon, and saw 41 of its levels.

You collected 4361 gold pieces.
You spent 1147 gold pieces at shops.

Inventory:

Missiles
 a - 1326 arrows
Armour
 c - the +3 pair of gauntlets of War (melded) {Slay+5}
   (You found it on level 1 of the Lair of Beasts)

   It affects your accuracy and damage with ranged weapons and melee attacks
   (+5).
 m - the +2 hat "Iloqiykk" (melded) {MR+ Str+2}
   (You acquired it on level 4 of the Swamp)

   It affects your strength (+2).
   It affects your resistance to hostile enchantments.
 L - the +2 cloak of the Thief (melded) {+Fog Slay-2 SInv Stlth+}
   (You found it on level 9 of the Dungeon)

   It affects your accuracy and damage with ranged weapons and melee attacks
   (-2).
   It lets you see invisible.
   It makes you more stealthy.
 P - a +2 buckler (melded)
Jewellery
 p - an uncursed ring of flight
 r - a ring of protection from cold (right foreclaw)
 t - a +5 ring of evasion
 A - the amulet "Fiw Woil" (around neck) {Reflect Fragile rN+ MR+ Int+2 SH+2}
   (You bought it in a shop on level 4 of the Snake Pit)

   [amulet of reflection]

   It shields you and reflects attacks.
   It affects your intelligence (+2).
   It protects you from negative energy.
   It affects your resistance to hostile enchantments.
   It will be destroyed if unequipped.
   It affects your SH (+2).
 G - the amulet "Geoc" {Harm *Drain rElec rF+++}
   (You found it on level 8 of the Dungeon)

   [amulet of harm]

   It increases damage dealt and taken.
   It renders you almost immune to fire.
   It insulates you from electricity.
   It causes draining when unequipped.
 O - a ring of resist corrosion (left foreclaw)
 Q - the ring of Xom's Regard {-Tele AC+6 Str+9 Slay+5 Stlth-}
   (You found it on level 6 of the Lair of Beasts)

   [ring of protection]

   It affects your AC (+6).
   It affects your strength (+9).
   It affects your accuracy and damage with ranged weapons and melee attacks
   (+5).
   It prevents most forms of teleportation.
   It makes you less stealthy.
Wands
 o - a wand of scattershot (3/9)
 s - a wand of digging (9/24)
 y - a wand of digging (10/24)
 K - a wand of acid (7/15)
 S - a wand of acid (8/15)
Scrolls
 d - 11 scrolls of remove curse
 g - 14 scrolls of teleportation
 i - 3 scrolls of fog
 q - 4 scrolls of enchant armour
 u - a scroll of blinking
 z - 5 scrolls of identify
 D - 6 scrolls of magic mapping
 F - 4 scrolls of fear
 H - 5 scrolls of recharging
 M - a scroll of summoning
 V - 9 scrolls of amnesia
Potions
 e - 11 potions of curing
 f - 4 potions of haste
 h - 3 potions of might
 j - 2 potions of ambrosia
 k - 9 potions of flight
 n - 3 potions of mutation
 v - 3 potions of invisibility
 w - 2 potions of resistance
 B - 6 potions of brilliance
 E - 7 potions of heal wounds
 I - 5 potions of agility
 T - 2 potions of magic
 W - 3 potions of cancellation
Comestibles
 b - 12 fruits
 l - 16 meat rations
 x - 27 royal jellies
 J - 12 bread rations


   Skills:
 + Level 15.3 Fighting
 - Level 12.0 Dodging
 - Level 8.0 Stealth
 - Level 4.2 Shields
 * Level 19.6 Unarmed Combat
 + Level 11.4 Spellcasting
 - Level 5.0 Charms
 - Level 3.0 Summonings
 - Level 5.0 Necromancy
 - Level 3.0 Translocations
 * Level 16.7 Transmutations
 - Level 3.0 Ice Magic
 - Level 3.0 Air Magic
 + Level 14.7 Invocations
 - Level 5.0 Evocations


You had 8 spell levels left.
You knew the following spells:

 Your Spells              Type           Power        Failure   Level  Hunger
a - Ice Form              Ice/Tmut       ######..     1%          4    ##.....
b - Sticks to Snakes      Tmut           ######..     0%          2    None
c - Regeneration          Chrm/Necr      ####......   2%          3    None
d - Blade Hands           Tmut           ######....   1%          5    ####...
e - Swiftness             Chrm/Air       ####....     1%          2    None
f - Dragon Form           Tmut           ######....   4%          7    #######
g - Summon Butterflies    Summ           ###.....     1%          1    None
h - Statue Form           Tmut/Erth      #####....    28%         6    ######.
i - Ozocubu's Armour      Chrm/Ice       ####....     3%          3    None
z - Apportation           Tloc           ###...       1%          1    None


Dungeon Overview and Level Annotations

Branches:
Dungeon (15/15)            Temple (1/1) D:4            Lair (6/6) D:11
  Swamp (4/4) Lair:4        Snake (4/4) Lair:4        Slime (5/5) Lair:6
    Orc (2/2) D:11            Elf (0/3) Orc:2        Vaults (4/5) D:14
  Crypt (0/3) Vaults:3     Depths (0/5) D:15

Altars:
Ashenzari
Cheibriados
Dithmenos
Elyvilon
Fedhas
Gozag
Hepliaklqana
Kikubaaqudgha
Makhleb
Nemelex Xobeh
Okawaru
Qazlal
Ru
Sif Muna
Trog
Uskayaw
Vehumet
Xom
Yredelemnul
Zin
The Shining One
Beogh
Jiyva

Shops:
D:11 (   Orc:2 }!(*   Snake:4 ==}?   Vaults:3 !   Vaults:4 *

Annotations:
D:3 Grinder
D:6 2 runed doors


Innate Abilities, Weirdness & Mutations

You can breathe blasts of scalding, opaque steam.
Your pale cyan-grey scales are hard. (AC +11)
You cannot fit into any form of body armour.
((You are cold-blooded and may be slowed by cold attacks.))
((You have a pair of small horns on your head.))
((You have sharp toenails.))
Scrolls take you a little longer to read.
((Your flesh is cold resistant. (rC+)))
((Your system is resistant to poisons. (rPois)))
You are robust. (+10% HP)
Your muscles are strong. (Str +2)


Message History

The azure jelly freezes you! You resist.
* * * LOW HITPOINT WARNING * * *
The azure jelly completely misses you. The azure jelly hits you.
* * * LOW HITPOINT WARNING * * *
The azure jelly hits you.
* * * LOW HITPOINT WARNING * * *
Huge Dmg: -7%(-20hp) hp: 1%(2hp)
Okay, then.
You feel much better.
The acid blob hits you but does no damage.
The azure jelly closely misses you. The azure jelly misses you.
The azure jelly hits you.
* * * LOW HITPOINT WARNING * * *
You block the azure jelly's attack. The eye of draining gazes at you.
You feel your power leaking away. The azure jelly hits you.
* * * LOW HITPOINT WARNING * * *
The azure jelly freezes you! You resist.
You die...

,,,,,,,,,,,,,,,,*#/#*,J**,***,,,,
,,,,..........*##[[(*.##,,,**,,,,
.............#*#$)$##..##,,,***,,
.............#*$|φ|)....),,,,**,,
.............#*,/)$......,,,,***,
.............#**}[G)....}*,,****,
.............####JJ......******,,
.............#..JJJJ.....,*,,,**,
...............#DJJJ.G...,,,*,,,,
............#####JJJ.....******,,
.............#**!JJ)....}*,,***,,
.............#*?([J......,,,,**,,
............###":)}$....(,,,,***,
.............###)|(##..##,,,**,,,
...............##[%$*.##,,,**,,,,
................##$#*,.**,**,,,,,
.................#****,****,,,,,,


You could see 5 acid blobs, 5 azure jellies, 2 slime creatures, an eye of
devastation, 3 death oozes and an eye of draining.

Vanquished Creatures
  the Royal Jelly (Slime:5)
  Bai Suzhen (Swamp:3)
  Xtahua (Vaults:4)
  Frederick (Vaults:4)
  Vashnia (Snake:3)
  Nikola (Swamp:3)
  A bone dragon (Swamp:4)
  Rupert (D:13)
  Asterion (Snake:1)
  7 acid blobs
  A thorn hunter (Swamp:3)
  3 sphinxes
  Agnes (Snake:1)
  A tengu reaver (Vaults:2)
  The ghost of ThereIsNoGod the Blocker, a journeyman DrEE of Ru (Snake:3)
  10 nagarajas
  7 azure jellies
  2 orc warlords
  15 vault wardens
  9 ironheart preservers
  6 stone giants
  3 entropy weavers
  A crystal guardian (Vaults:4)
  3 fire dragons
  Snorg (D:10)
  2 deep elf death magi
  Josephine (D:12)
  A death ooze (Slime:5)
  Fannar (D:11)
  7 yaktaur captains
  A rakshasa (Vaults:3)
  The ghost of Gremour the Carver, a journeyman DrMo of Okawaru (Orc:2)
  11 ogre magi
  14 hydras
  An ice dragon (Vaults:4)
  18 vault guards
  3 great orbs of eyes
  13 naga warriors
  4 ghost crabs
  3 catoblepae (Lair:6)
  42 two-headed ogres
  20 anacondas
  A two-headed ogre (shapeshifter) (D:15)
  4 centaur warriors
  10 alligators
  A death knight (Vaults:2)
  13 naga sharpshooters
  7 death yaks
  An orc high priest (Orc:2)
  9 shock serpents
  Urug (D:13)
  4 deep elf knights
  A salamander mystic (Snake:3)
  5 skeletal warriors (D:14)
  3 glowing orange brains
  4 unseen horrors
  7 deep elf archers
  3 wizards
  8 naga ritualists
  A shambling mangrove (Swamp:3)
  A swamp dragon (Swamp:4)
  4 spriggan druids
  A flayed ghost (D:12)
  A necromancer (Vaults:3)
  17 orc knights
  8 harpies (Vaults:3)
  2 spectral hydras (Swamp:4)
  15 ironbrand convokers
  8 orc sorcerers
  16 deep elf magi
  3 manticores
  6 oklob plants
  10 mana vipers
  8 cyclopes
  18 ugly things
  4 shining eyes
  A cyclops (shapeshifter) (Vaults:3)
  A salamander (shapeshifter) (D:15)
  7 salamanders
  11 guardian serpents (Snake:4)
  12 vault sentinels
  11 elephants
  16 naga magi
  Joseph (D:7)
  44 black mambas
  A stone giant skeleton (Vaults:3)
  A spiny frog (shapeshifter) (Vaults:4)
  20 spiny frogs
  An eye of devastation (Slime:1)
  2 gargoyles
  5 swamp worm zombies (Swamp:4)
  26 yaktaurs
  4 komodo dragons
  5 rime drakes
  4 freezing wraiths
  A rime drake (shapeshifter) (D:15)
  A redback zombie (D:14)
  7 trolls
  2 polar bears (Vaults:4)
  2 jumping spiders
  4 hydra zombies (Swamp:4)
  5 tyrant leeches
  3 meliai (D:15)
  A sphinx simulacrum (Vaults:4)
  6 bog bodies
  10 hornets
  A blink frog (shapeshifter) (D:15)
  38 slime creatures
  A fire giant simulacrum (Vaults:3)
  12 blink frogs
  5 spectral swamp dragons (Swamp:4)
  3 alligator zombies (Swamp:4)
  8 hippogriffs
  2 tarantellas
  6 redbacks
  5 shadows
  A tarantella (shapeshifter) (Vaults:2)
  11 spriggans
  2 vampires
  6 wyverns
  65 yaks
  5 wraiths
  3 hungry ghosts
  A human (shapeshifter) (D:15)
  A basilisk (D:15)
  29 vampire mosquitoes
  7 golden eyes (Slime:1)
  15 swamp worms
  2 steam dragons
  5 wargs
  70 nagas
  12 insubstantial wisps
  16 water moccasins
  3 acid dragons
  3 porcupines
  A floating eye (shapeshifter) (Vaults:2)
  2 eyes of draining
  45 orc warriors
  7 sky beasts
  5 swamp drakes
  5 ice beasts
  A black bear (shapeshifter) (Vaults:4)
  2 black bears
  11 phantoms
  3 swamp dragon zombies (Swamp:4)
  40 ogres
  A human skeleton (Vaults:3)
  23 centaurs
  16 crocodiles
  3 big kobolds
  A wyvern zombie (D:12)
  14 bullfrogs
  5 scorpions
  12 killer bees
  2 howler monkeys (D:9)
  13 wights
  4 bullfrog zombies
  2 crimson imps
  3 centaur zombies
  7 hounds
  2 quasits (D:7)
  7 jellies
  28 orc wizards
  24 orc priests
  3 bullfrog skeletons
  10 centaur skeletons
  3 gnoll shamans
  An iron imp (D:8)
  Jessica (D:3)
  Ijyb (D:4)
  Terence (D:2)
  4 iguanas
  14 worker ants
  A spectral hound (D:11)
  2 worker ant zombies
  20 gnolls
  13 adders
  A swamp drake zombie (Swamp:4)
  2 white imps (Vaults:4)
  6 oozes
  2 worms
  2 dart slugs (D:1)
  8 leopard geckos
  104 orcs
  5 bats
  5 giant cockroaches
  9 goblins
  7 hobgoblins
  15 jackals
  18 kobolds
  5 quokkas
  2 ball pythons
  9 frilled lizards
  2 goblin skeletons (D:8)
  3 kobold skeletons (D:8)
  2 kobold zombies (D:8)
  3 orc skeletons (D:8)
  4 orc zombies (D:8)
  A quokka skeleton (D:8)
  A quokka zombie (D:5)
  10 rats
  2 plants (Lair:6)
1572 creatures vanquished.

Vanquished Creatures (collateral kills)
  A centaur (D:8)
  3 wights (D:7)
4 creatures vanquished.

Vanquished Creatures (others)
  A phantasmal warrior (Swamp:4)
  2 hornets (Swamp:3)
  4 insubstantial wisps (Swamp:4)
  A naga (Snake:2)
  An orc warrior (Vaults:4)
  A swamp drake (Swamp:3)
  An ogre (Orc:2)
  A phantom (Swamp:4)
  2 centaurs (Vaults:2)
  An ufetubus (Vaults:4)
  2 orcs
  5 fungi (Lair:6)
  13 plants (Lair:6)
35 creatures vanquished.

Grand Total: 1611 creatures vanquished

Notes
Turn   | Place    | Note
-------+----------+-------------------------------------------
     0 | D:1      | Monsterracer the Draconian Transmuter began the quest for the Orb.
     0 | D:1      | Reached XP level 1. HP: 16/16 MP: 3/3
   131 | D:1      | HP: 6/16 [dart slug/slug dart (3)]
   362 | D:1      | Reached XP level 2. HP: 23/23 MP: 3/5
   398 | D:1      | Learned a level 2 spell: Sticks to Snakes
   486 | D:1      | HP: 9/23 [hobgoblin/club (4)]
  1293 | D:2      | Reached XP level 3. HP: 20/28 MP: 4/6
  1447 | D:2      | Learned a level 3 spell: Spider Form
  1548 | D:2      | HP: 14/28 [poisoned by an adder]
  1555 | D:2      | HP: 12/28 [poisoned by an adder]
  1779 | D:2      | Noticed Terence
  1789 | D:2      | HP: 13/28 [Terence/trident (7)]
  1793 | D:2      | Killed Terence
  1793 | D:2      | Reached skill level 4 in Unarmed Combat
  1793 | D:2      | Reached XP level 4. HP: 17/35 MP: 4/7
  2766 | D:3      | HP: 17/35 [poisoned by an adder]
  2771 | D:3      | HP: 14/35 [poisoned by an adder]
  2776 | D:3      | HP: 12/35 [poisoned by an adder]
  2782 | D:3      | HP: 10/35 [poisoned by an adder]
  2790 | D:3      | HP: 9/35 [poisoned by an adder]
  3080 | D:3      | Reached XP level 5. HP: 37/40 MP: 4/8
  3162 | D:3      | Noticed Jessica
  3167 | D:3      | Killed Jessica
  3477 | D:3      | Noticed Grinder
  3479 | D:3      | Paralysed by Grinder for 6 turns
  3507 | D:3      | HP: 16/40 [Grinder (9)]
  3508 | D:3      | HP: 6/40 [Grinder (6)]
  3689 | D:4      | Noticed Ijyb
  3702 | D:4      | Killed Ijyb
  3760 | D:4      | Reached skill level 5 in Unarmed Combat
  3781 | D:4      | HP: 19/40 [orc (3)]
  3786 | D:4      | HP: 19/40 [poisoned by an adder]
  3792 | D:4      | HP: 14/40 [orc/hand axe (1)]
  4146 | D:3      | Found a stormy altar of Qazlal.
  4146 | D:3      | Noticed a water elemental
  4149 | D:3      | Noticed a fire elemental
  4149 | D:3      | Noticed an air elemental
  4296 | D:4      | Reached XP level 6. HP: 47/47 MP: 3/9
  4447 | D:4      | Reached skill level 5 in Transmutations
  4469 | D:4      | Found a staircase to the Ecumenical Temple.
  4489 | Temple   | Entered the Ecumenical Temple
  4683 | Temple   | Became a worshipper of Makhleb the Destroyer
  4916 | D:4      | Reached skill level 1 in Invocations
  4916 | D:4      | Your scales start taking on a pale cyan-grey colour.
  4916 | D:4      | Reached XP level 7. HP: 46/52 MP: 10/10
  5265 | D:5      | Entered Level 5 of the Dungeon
  5271 | D:5      | Reached skill level 6 in Unarmed Combat
  5390 | D:5      | Learned a level 5 spell: Blade Hands
  5846 | D:5      | Reached * piety under Makhleb
  5847 | D:5      | HP: 27/56 [gnoll/spear (6)]
  5854 | D:5      | HP: 26/56 [gnoll/club (2)]
  5859 | D:5      | HP: 22/56 [gnoll/club (5)]
  5863 | D:4      | HP: 10/56 [gnoll/club (6)]
  5864 | D:4      | Reached XP level 8. HP: 11/62 MP: 7/11
  6145 | D:5      | HP: 28/62 [orc/short sword (7)]
  6708 | D:6      | Found a large runed door.
  6712 | D:6      | Reached skill level 7 in Unarmed Combat
  6745 | D:6      | Found a large runed door.
  6916 | D:6      | Found a large runed door.
  6916 | D:6      | Found a large runed door.
  6983 | D:6      | Noticed a cyclops
  6993 | D:6      | Killed a cyclops
  7054 | D:6      | Identified the Guide on Augmentations and Confrontation
  7083 | D:6      | Reached XP level 9. HP: 64/71 MP: 8/12
  7108 | D:6      | Gained mutation: Your mind is acute. (Int +2) [mutagenic meat]
  7109 | D:6      | Gained mutation: You are clumsy. (Dex -2) [mutagenic meat]
  7110 | D:6      | Lost mutation: Your mind is acute. (Int +2) [mutagenic meat]
  7256 | D:6      | Reached ** piety under Makhleb
  7257 | D:6      | Reached skill level 8 in Unarmed Combat
  8444 | D:7      | Noticed Joseph
  8458 | D:7      | Killed Joseph
  8458 | D:7      | Reached skill level 5 in Fighting
  8578 | D:7      | Got a bloodstained war axe
  8579 | D:7      | Identified the cursed +1 war axe "Eczonoups" {elec, rF+ Str+3 Dex+6} (You found it on level 7 of the Dungeon)
  8747 | D:7      | HP: 31/74 [gnoll/flail (12)]
  8955 | D:7      | Reached skill level 9 in Unarmed Combat
  8972 | D:7      | Reached *** piety under Makhleb
  8991 | D:7      | Reached XP level 10. HP: 81/81 MP: 9/13
  9073 | D:7      | Found a shimmering altar of Xom.
  9428 | D:8      | Got a sparkling iron amulet
  9429 | D:8      | Identified the amulet "Geoc" {Harm *Drain rElec rF+++} (You found it on level 8 of the Dungeon)
  9470 | D:8      | Found an opulent altar of Gozag.
  9548 | D:8      | Gained mutation: You evolve. [mutagenic meat]
  9552 | D:8      | Gained mutation: You rapidly evolve. [mutagenic meat]
  9553 | D:8      | Gained mutation: You expend magic power (3 MP) to strengthen your wands. [mutagenic meat]
  9578 | D:8      | Noticed a two-headed ogre
  9584 | D:8      | Killed a two-headed ogre
  9707 | D:8      | Reached skill level 5 in Dodging
  9722 | D:8      | Found a bloodstained altar of Trog.
  9732 | D:8      | Found a blossoming altar of Fedhas.
  9812 | D:8      | HP: 39/83 [centaur zombie (4)]
  9814 | D:8      | Reached skill level 5 in Invocations
  9919 | D:8      | Gained mutation: You are resistant to hostile enchantments. (MR+) [evolution]
 10385 | D:8      | Found a glowing golden altar of the Shining One.
 10407 | D:8      | Reached **** piety under Makhleb
 10677 | D:8      | Noticed a two-headed ogre
 10681 | D:8      | HP: 35/83 [centaur/arrow (14)]
 10682 | D:8      | HP: 13/83 [two-headed ogre/giant club (17)]
 10683 | D:8      | Killed a two-headed ogre
 10692 | D:8      | HP: 9/83 [centaur/arrow (5)]
 10692 | D:8      | Reached skill level 10 in Unarmed Combat
 11352 | D:8      | Gained mutation: You have sharp toenails. [evolution]
 11987 | D:9      | Got a fine trident
 11988 | D:9      | Identified the cursed +3 trident of the Brain {freeze, rC+ rN+ MR+} (You found it on level 9 of the Dungeon)
 12121 | D:9      | Noticed a cyclops
 12128 | D:9      | Killed a cyclops
 12128 | D:9      | Reached XP level 11. HP: 91/91 MP: 9/15
 12370 | D:10     | Entered Level 10 of the Dungeon
 12522 | D:10     | Learned a level 4 spell: Ice Form
 12523 | D:10     | Reached skill level 11 in Unarmed Combat
 12523 | D:10     | Reached skill level 10 in Transmutations
 12523 | D:10     | Reached XP level 12. HP: 101/101 MP: 15/18
 12527 | D:10     | Learned a level 2 spell: Swiftness
 12799 | D:10     | Noticed Snorg
 12811 | D:10     | Killed Snorg
 12811 | D:10     | Reached skill level 1 in Charms
 12811 | D:10     | Reached skill level 1 in Air Magic
 13464 | D:11     | Reached ***** piety under Makhleb
 13500 | D:11     | Noticed a two-headed ogre
 13506 | D:11     | Killed a two-headed ogre
 13506 | D:11     | Reached skill level 1 in Evocations
 13807 | D:11     | Found Deynlir's Weapon Boutique.
 13835 | D:11     | Found a roughly hewn altar of Beogh.
 13835 | D:11     | Found a staircase to the Orcish Mines.
 13871 | D:11     | HP: 45/102 [orc warrior/war axe (17)]
 14526 | D:11     | HP: 30/103 [cyclops (28)]
 14795 | D:11     | Got a polished battleaxe
 14812 | D:11     | Identified the +8 battleaxe "Tuot" {antimagic, +Rage rElec Str+4} (You found it on level 11 of the Dungeon)
 15224 | D:11     | Gained mutation: You are highly resistant to hostile enchantments. (MR++) [evolution]
 15334 | D:11     | Reached skill level 1 in Ice Magic
 15336 | D:11     | Noticed Fannar
 15343 | D:11     | Killed Fannar
 15351 | D:11     | Reached skill level 1 in Stealth
 15515 | D:11     | Found a staircase to the Lair.
 15874 | D:11     | Noticed a five-headed hydra
 15880 | D:11     | Killed a five-headed hydra
 15880 | D:11     | Reached skill level 12 in Unarmed Combat
 16049 | Lair:1   | Entered Level 1 of the Lair of Beasts
 16955 | Lair:1   | Gained mutation: You are frail. (-10% HP) [evolution]
 16971 | Lair:2   | Reached XP level 13. HP: 97/99 MP: 13/19
 17001 | Lair:2   | Lost mutation: You are highly resistant to hostile enchantments. (MR++) [potion of mutation]
 17001 | Lair:2   | Lost mutation: You are frail. (-10% HP) [potion of mutation]
 17001 | Lair:2   | Lost mutation: You are clumsy. (Dex -2) [potion of mutation]
 17001 | Lair:2   | Lost mutation: You are resistant to hostile enchantments. (MR+) [potion of mutation]
 17001 | Lair:2   | Lost mutation: You expend magic power (3 MP) to strengthen your wands. [potion of mutation]
 17001 | Lair:2   | Gained mutation: You possess an exceptional clarity of mind. [potion of mutation]
 17001 | Lair:2   | Gained mutation: Your muscles are strong. (Str +2) [potion of mutation]
 17001 | Lair:2   | Gained mutation: Your system is resistant to poisons. (rPois) [potion of mutation]
 17001 | Lair:2   | Gained mutation: Your flesh is cold resistant. (rC+) [potion of mutation]
 17229 | Lair:2   | HP: 51/110 [komodo dragon (25)]
 17242 | Lair:2   | HP: 55/110 [poisoned by a spiny frog]
 17249 | Lair:2   | HP: 54/110 [poisoned by a spiny frog]
 17256 | Lair:2   | HP: 54/110 [poisoned by a spiny frog]
 17264 | Lair:2   | HP: 55/110 [poisoned by a spiny frog]
 19183 | Lair:4   | Reached ****** piety under Makhleb
 19196 | Lair:4   | Found a staircase to the Swamp.
 19224 | Lair:4   | You fall through a shaft for 2 floors!
 19224 | Lair:6   | Entered Level 6 of the Lair of Beasts
 19224 | Lair:6   | Found a staircase to the Slime Pits.
 19651 | Lair:4   | HP: 46/111 [blink frog (11)]
 19656 | Lair:4   | HP: 43/111 [poisoned by a black mamba]
 19661 | Lair:4   | HP: 39/111 [poisoned by a black mamba]
 19666 | Lair:3   | HP: 35/111 [poisoned by a black mamba]
 19671 | Lair:3   | HP: 34/111 [poisoned by a black mamba]
 19676 | Lair:3   | HP: 33/111 [poisoned by a black mamba]
 19683 | Lair:3   | HP: 33/111 [poisoned by a black mamba]
 19691 | Lair:3   | HP: 33/111 [poisoned by a black mamba]
 20053 | Lair:4   | Found a staircase to the Snake Pit.
 20390 | Lair:5   | Reached skill level 13 in Unarmed Combat
 20451 | Lair:5   | Reached skill level 5 in Evocations
 20726 | Lair:5   | Found a basalt altar of Yredelemnul.
 21120 | Lair:6   | HP: 56/113 [catoblepas (4)]
 21257 | Lair:6   | Reached skill level 10 in Fighting
 21260 | Lair:6   | Reached XP level 14. HP: 89/121 MP: 16/21
 21590 | Lair:6   | Reached skill level 5 in Stealth
 21816 | Lair:6   | Got a transparent copper ring
 21817 | Lair:6   | Identified the ring of Xom's Regard {-Tele AC+6 Str+9 Slay+5 Stlth-} (You found it on level 6 of the Lair of Beasts)
 21888 | Lair:6   | Reached skill level 5 in Spellcasting
 22134 | Lair:5   | HP: 43/121 [death yak (21)]
 22372 | Lair:6   | HP: 60/122 [seven-headed hydra (11)]
 22718 | Lair:6   | Reached skill level 10 in Invocations
 22876 | Lair:6   | HP: 61/122 [acid (12)]
 22889 | Lair:6   | HP: 58/122 [crocodile (5)]
 23142 | Lair:6   | HP: 53/122 [acid (12)]
 23222 | Lair:6   | Gained mutation: You are robust. (+10% HP) [evolution]
 23271 | Lair:6   | HP: 60/134 [rime drake/flash freeze (2)]
 23709 | Lair:6   | Learned a level 7 spell: Dragon Form
 23898 | Lair:6   | Reached skill level 14 in Unarmed Combat
 24169 | Orc:1    | Entered Level 1 of the Orcish Mines
 24169 | Orc:1    | Found a runed door.
 24284 | Orc:1    | Paralysed by an orc sorcerer for 7 turns
 24771 | Orc:1    | Found a roughly hewn altar of Beogh.
 24823 | Orc:2    | Entered Level 2 of the Orcish Mines
 24823 | Orc:2    | Noticed an orc warlord
 24839 | Orc:1    | Killed an orc warlord
 24915 | Orc:2    | Found a staircase to the Elven Halls.
 25224 | Orc:2    | Reached XP level 15. HP: 140/140 MP: 20/24
 25460 | Orc:1    | Lost mutation: You possess an exceptional clarity of mind. [evolution]
 25848 | Orc:2    | Noticed Gremour's ghost (journeyman DrMo)
 25848 | Orc:2    | Found Xiwn's Distillery.
 25848 | Orc:2    | Found Fankel's Gadget Shoppe.
 25856 | Orc:2    | Killed Gremour's ghost
 25903 | Orc:2    | Found Dymm's Assorted Antiques.
 25903 | Orc:2    | Found Poboint's Antique Weapon Boutique.
 25912 | Orc:2    | Bought a bubbling white potion for 20 gold pieces
 25912 | Orc:2    | Bought a scroll of blinking for 172 gold pieces
 25994 | Orc:2    | Found a roughly hewn altar of Beogh.
 26732 | Swamp:1  | Entered Level 1 of the Swamp
 26920 | Swamp:1  | Identified Sif Muna's Catalogue of Lethal Good Luck
 26942 | Swamp:1  | Lost mutation: Your muscles are strong. (Str +2) [evolution]
 27131 | Swamp:1  | Reached skill level 1 in Shields
 27819 | Swamp:2  | Learned a level 3 spell: Regeneration
 27893 | Swamp:2  | Reached skill level 1 in Necromancy
 28489 | Swamp:3  | Noticed Bai Suzhen
 28497 | Swamp:3  | Killed Bai Suzhen
 28511 | Swamp:3  | HP: 64/143 [spriggan rider/spear (16)]
 28516 | Swamp:3  | HP: 71/143 [ghost crab] (3)]
 28524 | Swamp:3  | HP: 67/143 [ghost crab] (5)]
 28826 | Swamp:3  | Noticed Nikola
 28839 | Swamp:3  | HP: 66/143 [Nikola/chain lightning (12)]
 28839 | Swamp:3  | Reached XP level 16. HP: 50/151 MP: 23/26
 28840 | Swamp:3  | Killed Nikola
 29193 | Swamp:3  | Noticed a thorn hunter
 29195 | Swamp:3  | HP: 64/151 [thorn hunter/volley of thorns (29)]
 29200 | Swamp:3  | HP: 16/151 [spriggan druid/angry trees (16)]
 29241 | Swamp:3  | HP: 69/151 [alligator[a spriggan druid] (12)]
 29577 | Swamp:3  | Paralysed by a hornet for 2 turns
 29588 | Swamp:3  | Killed a thorn hunter
 29770 | Swamp:3  | Reached skill level 5 in Necromancy
 29873 | Swamp:3  | Reached skill level 15 in Unarmed Combat
 30124 | Swamp:4  | Entered Level 4 of the Swamp
 30689 | Swamp:4  | Reached skill level 5 in Charms
 30721 | Swamp:4  | Learned a level 1 spell: Summon Butterflies
 30723 | Swamp:4  | Learned a level 1 spell: Apportation
 30802 | Swamp:4  | Identified a scroll of acquirement
 30805 | Swamp:4  | Got a scorched hat
 30826 | Swamp:4  | Identified the +2 hat "Iloqiykk" {MR+ Str+2} (You acquired it on level 4 of the Swamp)
 30853 | Swamp:4  | Reached skill level 1 in Summonings
 30858 | Swamp:4  | Reached skill level 1 in Translocations
 30869 | Swamp:4  | Noticed a bone dragon
 30890 | Swamp:4  | Killed a bone dragon
 30904 | Swamp:4  | Reached skill level 10 in Dodging
 30909 | Swamp:4  | HP: 75/151 [insubstantial wisp/static electricity (1)]
 31130 | Swamp:4  | Got a decaying rune of Zot
 32057 | Snake:1  | Entered Level 1 of the Snake Pit
 32086 | Snake:1  | Noticed Agnes
 32101 | Snake:1  | Killed Agnes
 32132 | Snake:1  | Noticed Asterion
 32135 | Snake:1  | Noticed an Executioner
 32142 | Snake:1  | Killed Asterion
 32376 | Snake:1  | Gained mutation: You have a pair of small horns on your head. [evolution]
 32658 | Snake:1  | Reached XP level 17. HP: 160/160 MP: 28/28
 34387 | Snake:2  | Learned a level 6 spell: Statue Form
 34540 | Snake:3  | HP: 80/162 [naga sharpshooter/bolt (12)]
 34546 | Snake:2  | HP: 40/162 [shock serpent/electric aura (8)]
 34749 | Snake:2  | Lost mutation: You rapidly evolve. [evolution]
 35362 | Snake:3  | Reached skill level 16 in Unarmed Combat
 35398 | Snake:3  | Found a hide-covered altar of Uskayaw.
 35406 | Snake:3  | HP: 75/162 [acid (12)]
 35806 | Snake:3  | Noticed ThereIsNoGod's ghost (journeyman DrEE)
 35807 | Snake:3  | Found a shimmering altar of Xom.
 35833 | Snake:3  | Killed ThereIsNoGod's ghost
 36345 | Snake:4  | Entered Level 4 of the Snake Pit
 36345 | Snake:4  | Found Foepligh's Magic Scroll Boutique.
 36345 | Snake:4  | Noticed Vashnia
 36395 | Snake:3  | Killed Vashnia
 36446 | Snake:4  | Found Longuak's Gadget Boutique.
 36446 | Snake:4  | Found Ojizeiha's Jewellery Shop.
 36644 | Snake:4  | Found Lesk's Jewellery Shop.
 36653 | Snake:4  | Bought the amulet "Fiw Woil" {Reflect Fragile rN+ MR+ Int+2 SH+2} for 435 gold pieces
 36860 | Snake:4  | Gained mutation: Your muscles are strong. (Str +2) [evolution]
 37131 | Snake:4  | Reached XP level 18. HP: 125/171 MP: 26/30
 37903 | Snake:4  | HP: 82/171 [nagaraja/spear (14)]
 37908 | Snake:4  | HP: 79/172 [naga mage/spear (5)]
 38347 | Snake:4  | Reached skill level 17 in Unarmed Combat
 38502 | Snake:4  | Got a serpentine rune of Zot
 38937 | D:12     | Noticed Josephine
 38942 | D:12     | Killed Josephine
 39070 | D:12     | Learned a level 3 spell: Ozocubu's Armour
 39074 | D:12     | Found a shimmering altar of Xom.
 39074 | D:12     | Found a shimmering altar of Xom.
 39335 | D:12     | HP: 72/172 [flayed ghost/flay_damage (27)]
 39475 | D:12     | Found a shimmering altar of Xom.
 39475 | D:12     | Found a shimmering altar of Xom.
 39476 | D:12     | Found a shimmering altar of Xom.
 39476 | D:12     | Found a shimmering altar of Xom.
 39476 | D:12     | Found a shimmering altar of Xom.
 39518 | D:12     | Found a shimmering altar of Xom.
 39519 | D:12     | Found a shimmering altar of Xom.
 39521 | D:12     | Found a shimmering altar of Xom.
 39701 | D:13     | Identified the cursed +0 cloak of Vexation {*Contam +Inv Dex+2} (You found it on level 13 of the Dungeon)
 39905 | D:13     | Noticed Urug
 39916 | D:13     | Killed Urug
 40125 | D:13     | Noticed Rupert
 40140 | D:13     | Killed Rupert
 40664 | D:14     | Found a gate to the Vaults.
 41191 | D:15     | Entered Level 15 of the Dungeon
 41255 | D:15     | Got a flickering brass amulet
 41266 | D:15     | Identified the amulet of Hannod {Inacc rF- MR++} (You found it on level 15 of the Dungeon)
 41372 | D:15     | Reached XP level 19. HP: 181/181 MP: 32/32
 41794 | D:15     | Found a staircase to the Depths.
 41881 | D:15     | Found a shadowy altar of Dithmenos.
 42090 | Vaults:1 | Entered Level 1 of the Vaults
 42389 | Vaults:1 | HP: 85/181 [vault warden/great mace of crushing (34)]
 42870 | Vaults:1 | Reached skill level 10 in Spellcasting
 43758 | Vaults:2 | Reached skill level 18 in Unarmed Combat
 44410 | Vaults:2 | Reached skill level 15 in Transmutations
 44680 | Vaults:3 | Reached XP level 20. HP: 191/191 MP: 30/34
 44919 | Vaults:3 | Found a staircase to the Crypt.
 44919 | Vaults:3 | Found an ancient bone altar of Kikubaaqudgha.
 44920 | Vaults:3 | Found a basalt altar of Yredelemnul.
 45083 | Vaults:3 | Found a roughly hewn altar of Beogh.
 45097 | Vaults:3 | HP: 88/193 [orc knight/halberd of flaming (28)]
 45102 | Vaults:3 | HP: 45/193 [orc knight/halberd of flaming (15)]
 45173 | Vaults:3 | HP: 93/193 [orc knight/halberd (33)]
 45177 | Vaults:3 | HP: 27/193 [orc warrior/dire flail (30)]
 45206 | Vaults:3 | HP: 47/193 [orc knight/bolt (23)]
 45593 | Vaults:3 | Found Ficwasei's Distillery.
 45630 | Vaults:3 | Bought a potion of heal wounds for 70 gold pieces
 46227 | Vaults:4 | Found Ocoul's General Store.
 46233 | Vaults:4 | Bought 2 potions of haste for 300 gold pieces
 46233 | Vaults:4 | Bought a potion of haste for 150 gold pieces
 46788 | Vaults:4 | Reached skill level 19 in Unarmed Combat
 47118 | Vaults:4 | Noticed Xtahua
 47129 | Vaults:4 | Killed Xtahua
 47365 | Vaults:4 | Noticed Frederick
 47372 | Vaults:4 | Killed Frederick
 47546 | Vaults:4 | Reached skill level 15 in Fighting
 47553 | Vaults:4 | Reached XP level 21. HP: 196/202 MP: 36/36
 48054 | Slime:1  | Entered Level 1 of the Pits of Slime
 48074 | Slime:1  | HP: 89/202 [acid blob (36)]
 48079 | Slime:1  | HP: 92/303 [acid blob (32)]
 48357 | Slime:2  | Gained mutation: Scrolls take you a little longer to read. [a shining eye]
 48402 | Slime:5  | Entered Level 5 of the Pits of Slime
 48463 | Slime:4  | Lost mutation: You evolve. [end of evolution]
 48542 | Slime:5  | Found a viscous altar of Jiyva.
 48542 | Slime:5  | Noticed the Royal Jelly
 48556 | Slime:5  | Killed the Royal Jelly
 48561 | Slime:5  | HP: 129/303 [azure jelly[the Royal Jelly] (37)]
 48562 | Slime:5  | HP: 62/303 [azure jelly (3)]
 48563 | Slime:5  | HP: 22/303 [azure jelly[the Royal Jelly] (35)]
 48565 | Slime:5  | HP: 6/303 [azure jelly (9)]
 48565 | Slime:5  | HP: 2/303 [azure jelly (3)]
 48566 | Slime:5  | Slain by an azure jelly

Skill      XL: |  1  2  3  4  5  6  7  8  9 10 11 12 13 14 15 16 17 18 19 20 |
---------------+-------------------------------------------------------------+-----
Transmutations | 3 4 5 6 7 8 9 10 11 12 14 15 16 | 16.7
Unarmed Combat | 4 5 6 7 9 10 11 12 13 14 15 16 17 18 19 | 19.6
Dodging        | 2 3 4 5 6 7 8 9 10 11 12 | 12.0
Invocations    | 1 2 3 4 5 7 8 9 10 11 12 13 14 | 14.7
Fighting       | 2 3 5 6 7 8 10 11 12 13 14 15 | 15.3
Spellcasting   | 4 6 7 8 9 10 11 | 11.4
Charms         | 3 4 5 |  5.0
Air Magic      | 3 |  3.0
Evocations     | 2 5 |  5.0
Ice Magic      | 2 3 |  3.0
Stealth        | 2 4 5 6 7 8 |  8.0
Shields        | 4 |  4.2
Necromancy     | 4 5 |  5.0
Summonings     | 3 |  3.0
Translocations | 3 |  3.0

Action                   |  1- 3 |  4- 6 |  7- 9 | 10-12 | 13-15 | 16-18 | 19-21 || total
-------------------------+-------+-------+-------+-------+-------+-------+-------++-------
Melee: Unarmed           |   125 |   221 |   344 |   556 |   853 |  1298 |   910 ||  4307
       Tailslap          |     7 |    13 |    20 |    51 |   134 |   189 |   186 ||   600
       Punch             |     1 |     4 |     2 |    19 |    46 |    33 |    38 ||   143
       Kick              |     1 |     2 |       |    60 |   241 |   466 |   393 ||  1163
       Headbutt          |     1 |       |       |       |       |   210 |   252 ||   463
       Bite              |       |       |       |       |       |     2 |     2 ||     4
 Cast: Beastly Appendage |     6 |     5 |       |       |       |       |       ||    11
       Spider Form       |     2 |    12 |    17 |     7 |       |       |       ||    38
       Sticks to Snakes  |       |     5 |       |       |       |       |       ||     5
       Blade Hands       |       |       |     5 |    32 |    76 |    35 |    21 ||   169
       Ice Form          |       |       |       |     1 |     3 |       |       ||     4
       Swiftness         |       |       |       |       |     1 |       |       ||     1
       Regeneration      |       |       |       |       |       |     4 |     5 ||     9
       Dragon Form       |       |       |       |       |       |     1 |     3 ||     4
       Apportation       |       |       |       |       |       |     1 |       ||     1
       Ozocubu's Armour  |       |       |       |       |       |     1 |       ||     1
Invok: Minor Destruction |       |       |     2 |    61 |   121 |    21 |     1 ||   206
       Lesser Servant of |       |       |       |     1 |       |       |       ||     1
 Abil: Breathe Steam     |       |       |     4 |    10 |    39 |    12 |     1 ||    66
       Evoke Fog         |       |       |       |     1 |     8 |     1 |     3 ||    13
       Evoke Berserk Rag |       |       |       |     1 |       |       |       ||     1
  Use: Scroll            |       |    18 |     7 |     5 |     9 |    11 |     7 ||    57
       Potion            |       |       |       |     1 |     2 |     6 |     6 ||    15
 Stab: Sleeping          |       |     2 |       |     5 |     3 |    20 |    23 ||    53
       Distracted        |       |       |       |     1 |     3 |     4 |       ||     8
  Eat: Chunk             |     3 |    10 |    25 |    40 |    61 |    36 |    27 ||   202
       Fruit             |       |     1 |     1 |     3 |     4 |    12 |     7 ||    28
       Royal jelly       |       |       |       |       |     1 |     2 |       ||     3
       Bread ration      |       |       |       |       |     1 |     1 |       ||     2
Armor: Skin              |    34 |    45 |    73 |   148 |   227 |   336 |   210 ||  1073
Dodge: Dodged            |    73 |   157 |   265 |   339 |   510 |   900 |   728 ||  2972
Block: Other             |       |       |       |    29 |   176 |   127 |    25 ||   357
       Reflection        |       |       |       |     3 |     5 |    32 |    17 ||    57
       Buckler           |       |       |       |       |    36 |   319 |   144 ||   499
